Map: Eternal Empire LE

Players

Ratl

  • Race: Protoss Protoss
  • League: Silver
  • Spawn Location: 7:00

A.I. 1 (Harder)

  • Race: Terran Terran
  • Spawn Location: 1:00

VOD

Have the link to the VOD?

Description

Time

  • Played on: Jan. 14, 2020, 10:41 a.m.
  • Length: 24:56
Show
View Real Time Build Order
Export as new Build Order

Ratl Protoss 

Build Orders:  

Get SALT Encoding   

    0:16  Probe x12  
    0:28  Unknown  
    0:29  Probe  
  13  0:42  Probe  
  14  0:47  Pylon  
  14  0:56  Probe  
  15  1:07  Gateway  
  15  1:08  Probe  
  16  1:15  Assimilator  
  16  1:21  Probe  
  16  1:25  Assimilator  
  17  1:33  Probe  
  18  1:45  Probe  
  19  1:49  Gateway  
  19  1:57  Probe  
  20  2:02  Cybernetics Core  
  20  2:08  Pylon  
  20  2:09  Probe  
  21  2:21  Probe  
  22  2:33  Probe  
  22  2:36  Warp Gate (Chrono Boost)  
  23  2:38  Stalker x2  
  27  2:45  Probe  
  28  2:55  Pylon  
  28  2:57  Probe  
  29  3:09  Probe  
  30  3:18  Stalker  
  30  3:19  Stalker  
  34  3:22  Probe  
  35  3:34  Probe  
  36  3:39  Nexus  
  36  3:46  Probe  
  37  3:58  Probe  
  38  4:10  Probe  
  38  4:12  Robotics Facility  
  39  4:17  Gateway  
  39  4:22  Pylon  
  39  4:40  Probe  
  39  4:45  Pylon  
  40  4:52  Probe, Stalker  
  43  4:53  Stalker  
  43  4:57  Probe  
  46  5:04  Probe  
  47  5:09  Probe  
  48  5:19  Probe  
  49  5:21  Stalker  
  49  5:22  Probe, Assimilator, Stalker  
  49  5:25  Pylon  
  49  5:28  Pylon, Assimilator  
  54  5:31  Probe  
  55  5:36  Observer  
  55  5:42  Robotics Bay  
  56  5:47  Stalker  
  58  6:01  Probe x2  
  54  6:13  Probe  
  55  6:21  Probe  
  55  6:25  Probe  
  53  6:33  Probe, Immortal  
  53  6:34  Nexus  
  53  6:36  Assimilator  
  53  6:38  Probe  
  55  6:40  Assimilator  
  55  6:41  Pylon  
  55  6:44  Pylon  
  55  6:45  Probe  
  54  6:50  Probe  
  55  6:56  Stalker x2  
  55  6:57  Stalker  
  61  7:07  Stargate x2  
  61  7:09  Stargate  
  61  7:12  Immortal  
  65  7:17  Gravitic Boosters  
  65  7:23  Probe x2  
  65  7:27  Stalker x2  
  65  7:28  Zealot  
  73  7:35  Probe x2  
  75  7:38  Twilight Council  
  75  7:52  Protoss Air Weapons Level 1 (Chrono Boost)  
  75  7:55  Probe x2  
  75  7:56  Probe  
  78  8:07  Probe  
  78  8:08  Probe  
  80  8:22  Probe x3  
  80  8:27  Void Ray x2 (Chrono Boost)  
  95  8:34  Probe x2  
  95  8:37  Void Ray (Chrono Boost)  
  97  8:43  Stalker x2  
  97  8:44  Zealot  
  103  8:49  Immortal  
  107  9:02  Void Ray  
  107  9:06  Templar Archives  
  107  9:09  Void Ray  
  115  9:25  Pylon  
  115  9:27  Void Ray  
  115  9:28  Warp Prism  
  115  9:29  Pylon  
  117  9:52  Forge  
  117  9:57  Shield Battery  
  117  10:02  Shield Battery  
  117  10:10  Zealot x2  
  117  10:11  Zealot  
  123  10:23  Void Ray (Chrono Boost)  
  131  10:30  Protoss Shields Level 1, Void Ray (Chrono Boost)  
  131  10:40  Pylon  
  131  10:45  Pylon  
  131  10:46  Probe x2  
  131  10:48  Pylon  
  133  10:52  Immortal  
  133  10:53  Pylon  
  133  11:01  Void Ray (Chrono Boost)  
  133  11:02  Void Ray (Chrono Boost)  
  145  11:04  Protoss Shields Level 3, Protoss Ground Weapons Level 3, Protoss Ground Armor Level 3  
  145  11:12  Gateway  
  145  11:13  Gateway  
  145  11:15  Gateway  
  145  11:26  Terran Vehicle Weapons Level 3, Zerg Flyer Armor Level 3, Terran Infantry Armor Level 3, Zerg Flyer Weapons Level 3, Protoss Air Weapons Level 3, Zerg Melee Weapons Level 3, Zerg Missile Weapons Level 3, Zerg Ground Armor Level 3, Terran Ship Armor Level 3, Terran Vehicle Armor Level 3, Terran Infantry Weapons Level 3, Terran Ship Weapons Level 3, Protoss Air Armor Level 3  
  145  11:27  Zealot  
  145  11:28  Zealot x2  
  145  11:29  Protoss Ground Weapons Level 2, Protoss Shields Level 2, Protoss Ground Armor Level 2  
  137  11:47  Terran Ship Weapons Level 2, Zerg Missile Weapons Level 2, Terran Vehicle Armor Level 2, Terran Infantry Armor Level 2, Protoss Air Armor Level 2, Terran Vehicle Weapons Level 2, Terran Infantry Weapons Level 2, Zerg Ground Armor Level 2, Zerg Flyer Weapons Level 2, Terran Ship Armor Level 2, Protoss Air Weapons Level 2, Zerg Melee Weapons Level 2, Zerg Flyer Armor Level 2  
  137  11:54  Protoss Ground Weapons Level 1, Protoss Ground Armor Level 1, Protoss Shields Level 1  
  135  12:02  Blink  
  135  12:09  Protoss Air Weapons Level 1, Protoss Air Armor Level 1, Zerg Flyer Armor Level 1, Terran Ship Weapons Level 1, Terran Vehicle Armor Level 1, Zerg Missile Weapons Level 1, Terran Vehicle Weapons Level 1, Zerg Ground Armor Level 1, Terran Infantry Weapons Level 1, Zerg Melee Weapons Level 1, Zerg Flyer Weapons Level 1, Terran Ship Armor Level 1, Terran Infantry Armor Level 1  
  131  12:23  Charge, Stimpack, Resonating Glaives, Weapon Refit, Warp Gate, Neosteel Armor, Extended Thermal Lance  
  131  12:25  Void Ray x3  
  131  12:29  Immortal  
  147  12:30  Ventral Sacs, Adrenal Glands  
  147  12:36  Enduring Locusts  
  147  12:37  Personal Cloaking  
  147  12:44  Cloaking Field, Glial Reconstitution, Centrifical Hooks, Metabolic Boost, Infernal Pre-Igniter, Neural Parasite, Tunneling Claws, Combat Shield, Chitinous Plating, Corvid Reactor, Durable Materials, Neosteel Frame, Psionic Storm, Stalker x2  
  147  12:45  Stalker x4  
  159  12:52  Burrow, Muscular Augments x2  
  159  13:06  Graviton Catapult, Hi-Sec Auto Tracking, Gravitic Drive, Pathogen Glands, Behemoth Reactor, Gravitic Boosters, Moebius Reactor, Caduceus Reactor  
  159  13:08  Immortal  
  159  13:10  Nexus  
  159  13:11  Pylon, Assimilator  
  159  13:12  Pylon  
  163  13:15  Fleet Beacon  
  163  13:16  Assimilator  
  163  13:20  Concussive Shells, Pylon, Pneumatized Carapace  
  163  13:23  Stargate  
  175  14:03  Unknown x5  
    14:18  Probe x12  
    14:30  Unknown  
  12  14:32  Probe  
  13  14:44  Probe  
  14  14:50  Pylon  
  14  14:56  Probe  
  15  15:09  Gateway  
  15  15:11  Probe  
  16  15:23  Probe  
  16  15:25  Assimilator  
  17  15:35  Probe  
  17  15:38  Gateway  
  18  15:48  Probe  
  19  15:58  Cybernetics Core  
  19  16:00  Probe (Chrono Boost)  
  21  16:12  Probe (Chrono Boost), Assimilator  
  21  16:16  Pylon  
  21  16:18  Probe (Chrono Boost)  
  22  16:26  Probe  
  23  16:34  Stalker  
  23  16:36  Stalker  
  23  16:38  Probe  
  28  16:49  Warp Gate  
  28  16:50  Probe  
  29  17:03  Probe  
  30  17:11  Nexus  
  30  17:15  Probe  
  31  17:19  Pylon  
  31  17:35  Pylon  
  32  17:37  Probe  
  32  17:41  Stalker  
  34  17:44  Stalker  
  34  17:49  Probe  
  37  18:08  Probe  
  38  18:20  Probe  
  39  18:37  Probe (Chrono Boost)  
  39  18:40  Probe (Chrono Boost)  
  42  18:48  Probe (Chrono Boost)  
  42  18:52  Probe (Chrono Boost)  
  42  18:53  Probe (Chrono Boost), Stalker x2  
  48  18:59  Assimilator  
  48  19:01  Probe  
  49  19:05  Assimilator  
  49  19:06  Robotics Facility  
  49  19:14  Probe x2  
  51  19:26  Probe x2, Stalker x2  
  57  19:38  Probe x2  
  59  19:43  Nexus  
  59  19:50  Probe x2  
  61  19:55  Observer  
  62  20:13  Assimilator  
  62  20:17  Assimilator  
  62  20:18  Pylon  
  62  20:21  Pylon  
  62  20:22  Pylon  
  62  20:35  Warp Prism  
  62  20:36  Probe x2  
  62  20:39  Protoss Air Weapons Level 1  
  66  20:43  Stargate  
  66  20:45  Stargate  
  66  20:48  Probe x2, Stargate  
  68  20:56  Twilight Council  
  66  20:59  Shield Battery  
  66  21:00  Probe  
  67  21:12  Probe x3  
  70  21:24  Probe  
  71  21:34  Probe  
  71  21:35  Probe  
  71  21:36  Probe  
  72  22:01  Stalker x2  
  76  22:14  Void Ray x3  
  88  22:17  Immortal  
  92  22:24  Probe (Chrono Boost)  
  92  22:25  Probe x2 (Chrono Boost)  
  95  22:36  Probe (Chrono Boost)  
  98  22:37  Probe (Chrono Boost)  
  98  22:42  Probe (Chrono Boost)  
  98  22:44  Probe x2 (Chrono Boost)  
  100  22:48  Probe (Chrono Boost)  
  101  22:53  Fleet Beacon  
  101  22:54  Protoss Air Armor Level 1 (Chrono Boost)  
  101  23:17  Pylon  
  101  23:25  Void Ray x2  
  101  23:27  Pylon x2  
  101  23:30  Pylon  
  101  23:31  Pylon  
  101  23:32  Pylon  
  101  23:38  Unknown  
  101  23:40  Void Ray  
  101  23:41  Immortal  
  117  24:08  Void Ray x2  
  117  24:09  Gateway x2  
  125  24:10  Gateway  
  125  24:12  Gateway  
  125  24:13  Forge  
  125  24:22  Stalker  
  131  24:24  Stalker  
  131  24:27  Assimilator  
  133  24:47  Stalker  
Show
View Real Time Build Order
Export as new Build Order

A.I. 1 (Harder) Terran 

Build Orders: Command Center First (CC) 

Get SALT Encoding   

    0:16  SCV x12  
    0:28  Unknown  
    0:31  SCV  
  13  0:44  SCV  
  13  0:48  Supply Depot  
  14  0:56  SCV  
  15  1:10  SCV  
  16  1:22  SCV  
  17  1:32  Command Center  
  17  1:42  Barracks  
  17  1:48  Refinery  
  17  1:49  SCV  
  18  2:01  SCV  
  18  2:06  Supply Depot  
  19  2:14  SCV  
  20  2:26  Barracks  
  20  2:29  Marine  
  21  2:36  Refinery  
  21  2:47  Barracks Tech Lab  
  21  3:05  Marine  
  22  3:12  Marine  
  23  3:23  Marine  
  24  3:30  Marine  
  25  3:40  SCV  
  25  3:41  Marine  
  26  3:45  SCV  
  28  3:48  Marine  
  26  3:59  Marine  
  27  4:06  Marine, Supply Depot  
  27  4:07  SCV  
  29  4:11  SCV  
  29  4:17  Marine  
  30  4:19  SCV  
  30  4:23  SCV  
  30  4:24  Marine  
  34  4:32  Engineering Bay  
  34  4:35  Marauder  
  36  4:42  Marine  
  36  4:43  Factory  
  37  4:50  Factory  
  37  4:56  Marauder  
  39  5:00  Barracks Tech Lab  
  39  5:17  Marine  
  39  5:19  Marauder  
  42  5:26  Ghost Academy  
  42  5:27  Factory Tech Lab  
  42  5:32  Starport  
  42  5:33  Starport, Factory Tech Lab  
  42  5:42  Stimpack  
  42  5:47  Combat Shield  
  42  5:56  Ghost  
  44  6:03  Hellion  
  45  6:05  Hellion  
  45  6:08  Marine  
  45  6:09  Starport Tech Lab x2  
  34  6:28  Viking  
  34  6:32  Marine  
  27  6:40  Marine  
  26  6:49  Marine  
  27  6:58  Marauder  
  29  7:01  SCV  
  29  7:05  SCV  
  29  7:06  Concussive Shells  
  31  7:13  SCV  
  32  7:17  SCV  
  32  7:22  Marine  
  34  7:25  SCV  
  34  7:27  Marine  
  36  7:52  Command Center  
  36  7:55  Marine  
  37  8:02  Marauder  
  39  8:14  Terran Infantry Weapons Level 1, Marauder  
  41  8:23  Marine  
  42  8:34  Marine  
  42  8:41  Marine  
  44  8:43  Barracks  
  44  8:54  Factory  
  44  9:03  SCV  
  44  9:04  SCV  
  44  9:05  SCV  
  47  9:15  SCV  
  47  9:17  SCV  
  49  9:28  Starport  
  49  9:31  Barracks Reactor, Marauder  
  39  9:33  Marine  
  39  9:38  Factory Tech Lab  
  38  9:41  Raven  
  38  9:45  Raven  
  42  9:51  Marine  
  42  9:52  Marine  
  44  10:09  Marine, Marauder  
  44  10:10  Marauder  
  44  10:12  Marine  
  50  10:17  Starport Reactor  
  50  10:20  Command Center  
  50  10:25  Medivac  
  52  10:30  Medivac  
  54  10:47  Missile Turret  
  54  10:54  Marine, Missile Turret  
  54  10:55  Medivac  
  57  10:57  Marine  
  57  11:00  Marine  
  57  11:03  Marine  
  60  11:04  Protoss Shields Level 3, Protoss Ground Weapons Level 3, Protoss Ground Armor Level 3  
  60  11:05  Raven  
  62  11:11  Supply Depot  
  62  11:12  Marine  
  62  11:15  Marine  
  62  11:18  Marine  
  64  11:21  Marine  
  66  11:26  Terran Vehicle Weapons Level 3, Zerg Flyer Armor Level 3, Terran Infantry Armor Level 3, Zerg Flyer Weapons Level 3, Protoss Air Weapons Level 3, Zerg Melee Weapons Level 3, Zerg Missile Weapons Level 3, Zerg Ground Armor Level 3, Terran Ship Armor Level 3, Terran Vehicle Armor Level 3, Terran Infantry Weapons Level 3, Terran Ship Weapons Level 3, Protoss Air Armor Level 3  
  66  11:29  Protoss Ground Weapons Level 2, Protoss Shields Level 2, Protoss Ground Armor Level 2  
  66  11:31  Marauder  
  66  11:32  Viking  
  61  11:37  Marine  
  41  11:47  Terran Ship Weapons Level 2, Zerg Missile Weapons Level 2, Terran Vehicle Armor Level 2, Terran Infantry Armor Level 2, Protoss Air Armor Level 2, Terran Vehicle Weapons Level 2, Terran Infantry Weapons Level 2, Zerg Ground Armor Level 2, Zerg Flyer Weapons Level 2, Terran Ship Armor Level 2, Protoss Air Weapons Level 2, Zerg Melee Weapons Level 2, Zerg Flyer Armor Level 2  
  41  11:49  Marine  
  33  11:54  Protoss Ground Weapons Level 1, Protoss Ground Armor Level 1, Protoss Shields Level 1  
  19  12:02  Blink  
  19  12:09  Protoss Air Weapons Level 1, Protoss Air Armor Level 1, Zerg Flyer Armor Level 1, Terran Ship Weapons Level 1, Terran Vehicle Armor Level 1, Zerg Missile Weapons Level 1, Terran Vehicle Weapons Level 1, Zerg Ground Armor Level 1, Terran Infantry Weapons Level 1, Zerg Melee Weapons Level 1, Zerg Flyer Weapons Level 1, Terran Ship Armor Level 1, Terran Infantry Armor Level 1  
  8  12:23  Charge, Stimpack, Resonating Glaives, Weapon Refit, Warp Gate, Neosteel Armor, Extended Thermal Lance  
  8  12:25  SCV  
  5  12:30  Ventral Sacs, Adrenal Glands  
  5  12:36  Enduring Locusts  
  5  12:37  Personal Cloaking  
  4  12:44  Cloaking Field, Glial Reconstitution, Centrifical Hooks, Metabolic Boost, Infernal Pre-Igniter, Neural Parasite, Tunneling Claws, Combat Shield, Chitinous Plating, Corvid Reactor, Durable Materials, Neosteel Frame, Psionic Storm  
  4  12:52  Burrow, Muscular Augments x2  
  4  13:06  Graviton Catapult, Hi-Sec Auto Tracking, Gravitic Drive, Pathogen Glands, Behemoth Reactor, Gravitic Boosters, Moebius Reactor, Caduceus Reactor  
  1  13:20  Concussive Shells, Pneumatized Carapace  
  1  14:03  Unknown x5  
    14:18  SCV x12  
    14:30  Unknown  
  12  14:31  SCV  
  13  14:43  SCV  
  14  15:02  Supply Depot  
  14  15:39  Command Center  
  14  15:41  SCV, Refinery  
  15  15:53  SCV  
  16  15:57  Refinery  
  16  16:03  Barracks  
  16  16:20  Supply Depot  
  16  16:24  SCV  
  17  16:36  SCV  
  18  16:49  SCV  
  18  16:51  Marine  
  18  16:53  SCV  
  21  17:09  Marine  
  22  17:27  Refinery, Barracks Tech Lab  
  22  17:33  Refinery  
  22  17:42  SCV  
  23  17:45  Marauder  
  23  17:46  SCV  
  25  17:54  SCV  
  24  18:02  SCV  
  23  18:06  SCV, Marine  
  23  18:14  SCV  
  23  18:18  SCV  
  23  18:24  Marine  
  23  18:26  SCV  
  23  18:30  SCV  
  24  18:38  SCV  
  24  18:40  Barracks  
  25  18:42  Marine  
  25  18:43  SCV  
  27  18:50  SCV  
  27  18:55  SCV  
  29  19:00  Marine  
  29  19:02  SCV  
  31  19:07  SCV  
  32  19:14  SCV  
  33  19:18  Marauder  
  33  19:19  SCV  
  33  19:23  Factory  
  36  19:27  Marine  
  37  19:44  Barracks  
  37  19:46  Barracks Tech Lab  
  37  20:08  Factory Tech Lab  
  37  20:11  Starport  
  37  20:14  Supply Depot  
  37  20:21  Factory  
  37  20:24  Marine  
  38  20:30  Marine  
  38  20:31  Barracks Reactor  
  39  20:41  Marine  
  40  20:48  Marine  
  41  20:50  Starport Tech Lab  
  35  20:59  Marine  
  30  21:05  Marine  
  30  21:07  Marine  
  30  21:08  Raven  
  30  21:09  Marine  
  31  21:18  Marauder  
  27  21:23  SCV, Marine, Hellion  
  30  21:30  Marine  
  28  21:36  Marine  
  27  21:45  SCV  
  25  21:51  Viking  
  25  21:53  SCV  
  20  22:09  SCV  
  15  22:21  SCV  
  8  23:07  SCV  
  8  23:19  SCV  
  5  23:31  SCV  
  3  23:43  SCV  
  4  23:55  SCV  
  5  24:07  SCV  
  6  24:23  Command Center  
  6  24:26  SCV  
  7  24:38  SCV  
Tags
 
Add a new tag
Caveats
  • Supply blocks, unpowered buildings, or Contaminate may cause inaccurate times.
  • Supply counts are checked every 10 seconds.